 Dungeon Crawl Stone Soup version 0.28-a0-313-gbc0475efdd (webtiles) character file.

Game seed: 1701797872307311068

6 spiderkeys the Caller (level 1, -2/14 HPs)
             Began as a Barachi Summoner on Sept 1, 2021.
             Slain by a kobold (4 damage)
             ... on level 1 of the Dungeon.
             The game lasted 00:01:12 (615 turns).

spiderkeys the Caller (Barachi Summoner)             Turns: 615, Time: 00:01:13

Health: -2/14      AC:  9    Str:  9    XL:     1   Next: 90%
Magic:  3/3        EV:  4    Int: 15    God:
Gold:   18         SH:  0    Dex: 12    Spells: 3/4 levels left

rFire   . . .      SeeInvis .   (no weapon)
rCold   . . .      Faith    .   (no shield)
rNeg    . . .      Spirit   .   f - +1 chain mail {Will+}
rPois   .          Reflect  .   (no helmet)
rElec   .          Harm     .   (no cloak)
rCorr   .          Rampage  .   (no gloves)
Will    +....                   (no boots)
Stlth   ..........              (no amulet)
HPRegen 0.04/turn               (no ring)
MPRegen 0.08/turn               (no ring)

@: slow
A: amphibious, slowness 1, strong legs 1, +LOS
a: Hop


You were on level 1 of the Dungeon.
You visited 1 branch of the dungeon, and saw 1 of its levels.

You collected 18 gold pieces.


Innate Abilities, Weirdness & Mutations

You are amphibious.
You cover ground slowly.
You can hop short distances.
You have an extended range of vision and can be seen from far away.


   Skills:
 + Level 0.6 Fighting
 + Level 0.6 Armour
 - Level 2.1 Dodging
 - Level 1.7 Stealth
 + Level 2.3 Spellcasting
 + Level 4.9 Summonings


You had 3 spell levels left.
You knew the following spells:

 Your Spells              Type           Power      Damage    Failure   Level
z - Summon Small Mammal   Summ           64%        N/A       98%         1

Your spell library contained the following spells:

 Spells                   Type           Power      Damage    Failure   Level
 Call Imp                 Summ           16%        N/A       99%         2
 Call Canine Familiar     Summ           16%        N/A       100%        3
 Summon Guardian Golem    Hex/Summ       9%         N/A       100%        3
 Summon Lightning Spire   Summ/Air       9%         N/A       100%        4

Inventory:

Missiles
 c - 16 arrows
 e - 25 stones
Armour
 a - a +0 robe
 f - a +1 chain mail of willpower (worn)
   (You found it on level 1 of the Dungeon)
Scrolls
 b - a scroll of vulnerability {unknown}
 g - a scroll of fear {unknown}
Potions
 d - a potion of magic {unknown}

Dungeon Overview and Level Annotations

Branches:
Dungeon (1/15)

Altars:

#....+.......#'#.#
##'##
#....###.###.#.#.#
#.#
.............#...#
#.#
###########.######
#.# #...........#
#.# #.#..#.####.#
#.# #.#..#.# #.#
#.# #.#..#.# #.#
#.# #.#..#.# #@#
#.#
#.#..#.#....K...#
#.#..#.#.##.#.###
#.#..#.# ......
#.#..#.# #.# .#.
#.#..#.# #.# .# #
#.####.# #.# #
#......# #..
######## ###


You could see a kobold.


Message History

You are ready to hop once more.
A hobgoblin comes into view. 😨 HP[+3]
You regained 3 hp, and now have 4/14 hp. 😨 HP[+1]
You start resting. 😕 HP[+8]
You regained 8 hp, and now have 13/14 hp.
There is an open door here.
You see here a +1 chain mail of willpower.
f - a +1 chain mail of willpower You start removing your armour.
You continue taking off your +0 robe. x4
You finish taking off your +0 robe.
You start putting on your armour.
You continue putting on your +1 chain mail of willpower. x5
You finish putting on your +1 chain mail of willpower.
You feel strong-willed. 😎 HP[+1]
Your hp is fully restored (14).
A ball python comes into view.
The ball python hisses angrily.
A ball python is nearby!
Casting: Summon Small Mammal (safe; 98% risk of failure)
Confirm with . or Enter, or press ? or * to list all spells.
You miscast Summon Small Mammal.
You are very lightly contaminated with residual magic.
Nothing appears to happen. 😎 MP[-1]
You lost 1 mp, and now have 2/3 mp.
Casting: Summon Small Mammal (safe; 98% risk of failure)
Confirm with . or Enter, or press ? or * to list all spells.
You miscast Summon Small Mammal.
Nothing appears to happen. 😎 MP[-1]
You lost 1 mp, and now have 1/3 mp.
Casting: Summon Small Mammal (safe; 98% risk of failure)
Confirm with . or Enter, or press ? or * to list all spells.
You miscast Summon Small Mammal.
Nothing appears to happen.
The ball python bites you.
The ball python barely misses you. 😕 HP[-1] MP[-1]
You take 1 damage, and now have 13/14 hp.
You lost 1 mp, and now have 0/3 mp.
You hit the ball python.
The ball python bites you but does no damage.
The ball python barely misses you.
You hit the ball python.
You kill the ball python!
Your magical contamination has completely faded away. 😎 HP[+1] MP[+1]
Your hp is fully restored (14).
You open the door.
There is an open door here.
There is an open door here.
g - a scroll labelled PAXZEM COTA Key pressed, stopping explore.
A kobold comes into view. It is wielding a +0 club.
The kobold shouts! 😎 MP[+2]
Your mp is fully restored (3).
The kobold completely misses you.
You closely miss the kobold.
The kobold hits you with a +0 club. 😕 HP[-3]
You take 3 damage, and now have 11/14 hp.
MASSIVE DAMAGE!! (PAUSE)
You hit the kobold. The kobold barely misses you.
You closely miss the kobold. The kobold hits you but does no damage.
You barely miss the kobold. The kobold hits you with a +0 club.
* * * LOW HITPOINT WARNING * * *
😨 HP[-4]
You take 4 damage, and now have 7/14 hp.
MASSIVE DAMAGE!! (PAUSE)
You hit the kobold.
The kobold hits you but does no damage. 😮 HP[+1]
Your chain mail prevents you from hitting the kobold.
The kobold barely misses you.
You hit the kobold but do no damage. The kobold hits you but does no damage.
You barely miss the kobold. The kobold hits you but does no damage.
You completely miss the kobold. The kobold hits you but does no damage.
Your chain mail prevents you from hitting the kobold.
The kobold hits you but does no damage.
You closely miss the kobold. The kobold hits you with a +0 club.
* * * LOW HITPOINT WARNING * * *
😨 HP[-2]
You take 2 damage, and now have 6/14 hp.
You hit the kobold. The kobold hits you but does no damage.
You closely miss the kobold. The kobold barely misses you.
Your chain mail prevents you from hitting the kobold.
The kobold hits you with a +0 club.
* * * LOW HITPOINT WARNING * * *
😨 HP[-2]
You take 2 damage, and now have 4/14 hp.
You hit the kobold but do no damage. The kobold hits you but does no damage.
You barely miss the kobold. The kobold barely misses you.
You hit the kobold but do no damage. The kobold hits you with a +0 club.
* * * LOW HITPOINT WARNING * * *
😱 HP[-2]
You take 2 damage, and now have 2/14 hp.
You hit the kobold but do no damage. The kobold hits you with a +0 club.
You die...

Action                   || total
-------------------------++-------
Melee: Unarmed           ||    32
 Cast: Summon Small Mamm ||     4
 Abil: Hop               ||     1
 Stab: Distracted        ||     1
Armor: Chain mail        ||     9
       Robe              ||     4
Dodge: Dodged            ||    14

Levels and vault maps discovered:
D:1:      heliophobic_arrival_glass_houses, layout_basic

Notes
Turn   | Place    | Note
-------+----------+-------------------------------------------
     0 | D:1      | spiderkeys the Barachi Summoner began the quest for the
                  | Orb.
     0 | D:1      | Reached XP level 1. HP: 13/13 MP: 3/3
     0 | D:1      | magus.rc [v1.9.10]
   171 | D:1      | HP: 3/13 [endoplasm (1)]
   172 | D:1      | HP: 1/13 [kobold (2)]
   614 | D:1      | HP: 2/14 [kobold (2)]
   615 | D:1      | Slain by a kobold

Vanquished Creatures
  A ball python (D:1)
1 creature vanquished.

Vanquished Creatures (collateral kills)
  2 endoplasms (D:1)
  A kobold (D:1)
  2 rats (D:1)
5 creatures vanquished.

Grand Total: 6 creatures vanquished

Table legend:
 A = Non-vault XP
 B = Vault XP
 C = Vault XP percentage of total XP
 D = Non-vault monster count
 E = Vault monster count
 F = Vault count percentage of total count
                 A         B        C        D         E       F
            +---------+---------+-------+---------+---------+-------
      Total |       9 |       0 |   0.0 |       6 |       0 |   0.0
            +---------+---------+-------+---------+---------+-------
        D:1 |       9 |       0 |   0.0 |       6 |       0 |   0.0
            +---------+---------+-------+---------+---------+-------

Illustrated notes

Table legend:
 A = Kills in this place as a percentage of kills in entire the game.
 B = Kills by you in this place as a percentage of kills by you in the entire game.
 C = Kills by friends in this place as a percentage of kills by friends in the entire game.
 D = Other kills in this place as a percentage of other kills in the entire game.
 E = Experience gained in this place as a percentage of experience gained in the entire game.
 F = Experience gained in this place divided by the number of levels of this place that you have seen.
                   A       B       C       D       E      F
               +-------+-------+-------+-------+-------+----------------------
         Total | 100.0 | 100.0 | 100.0 |   N/A | 100.0 |   9.0
       Dungeon | 100.0 | 100.0 | 100.0 |   N/A | 100.0 |   9.0
               +-------+-------+-------+-------+-------+----------------------

Table legend: (Time is in decaauts)
 A = Elapsed time spent in this place.
 B = Non-inter-level travel time spent in this place.
 C = Inter-level travel time spent in this place.
 D = Time resting spent in this place.
 E = Time spent auto-exploring this place.
 F = Levels seen in this place.
 G = Mean time per level.
                   A        B        C        D        E       F      G
               +--------+--------+--------+--------+--------+-----+--------+
         Total |    659 |    659 |      0 |    279 |    272 |   1 |  659.0 |
       Dungeon |    659 |    659 |      0 |    279 |    272 |   1 |  659.0 |
               +--------+--------+--------+--------+--------+-----+--------+

Top non-repeatable levels by time:
     D:1: 659 daAuts
